TOP OF THE 1ST |
Kansas City Royals batting - Pitching for Detroit Tigers : RHP A.J. Cole
|
Pitching: RHP A.J. Cole
|
|
Batting: LHB Joe Mauer
|
0-0: Called Strike 0-1: Ground out 4-3 (Groundball, 4)
|
Batting: SHB Jurickson Profar
|
0-0: Ground out 1-3 (Groundball, 25)
|
Batting: LHB Jesse Winker
|
0-0: Ball 1-0: Foul Ball, location: 2F 1-1: DOUBLE (Line Drive, 8RXD)
|
Batting: LHB Lonnie Chisenhall
|
0-0: Swinging Strike 0-1: Fly out, F8 (Flyball, 8RS)
|
Top of the 1st over - 0 runs, 1 hit, 0 errors, 1 left on base; Kansas City 0 - Detroit 0 |
BOTTOM OF THE 1ST |
Detroit Tigers batting - Pitching for Kansas City Royals : RHP Aaron Nola
|
Pitching: RHP Aaron Nola
|
|
Batting: RHB Jean Segura
|
0-0: Fly out, F7 (Flyball, 78M)
|
Batting: RHB Starling Marte
|
0-0: Ball 1-0: Ground out 4-3 (Groundball, 4)
|
Batting: RHB George Springer
|
0-0: Called Strike 0-1: Swinging Strike 0-2: Ball 1-2: TRIPLE (Flyball, 89XD)
|
Batting: RHB Khris Davis
|
0-0: Ball 1-0: Foul Ball, location: 2F 1-1: Ball 2-1: Ball 3-1: Foul Ball, location: 2F 3-2: Strikes out swinging passed ball, reaches first! George Springer scores
|
Batting: RHB Aaron Altherr
|
0-0: Fielders Choice at 2nd, 6-4 (Groundball, 6)
|
Bottom of the 1st over - 1 run, 1 hit, 0 errors, 1 left on base; Kansas City 0 - Detroit 1 |
TOP OF THE 2ND |
Kansas City Royals batting - Pitching for Detroit Tigers : RHP A.J. Cole
|
Batting: RHB Albert Pujols
|
0-0: Swinging Strike 0-1: Foul Ball, location: 2F 0-2: Ball 1-2: Foul Ball, location: 2F 1-2: Strikes out swinging
|
Batting: LHB Raimel Tapia
|
0-0: Ball 1-0: Ball 2-0: Ball 3-0: Called Strike 3-1: Swinging Strike 3-2: Ground out 4-3 (Groundball, 4)
|
Batting: RHB Dansby Swanson
|
0-0: Fly out, F8 (Line Drive, 8LM)
|
Top of the 2nd over - 0 runs, 0 hits, 0 errors, 0 left on base; Kansas City 0 - Detroit 1 |
BOTTOM OF THE 2ND |
Detroit Tigers batting - Pitching for Kansas City Royals : RHP Aaron Nola
|
Batting: RHB J.T. Realmuto
|
0-0: Foul Ball, location: 2F 0-1: Foul Ball, location: 2F 0-2: Ball 1-2: SINGLE (Flyball, 89S)
|
Batting: LHB Pedro Alvarez
|
0-0: Ball 1-0: SINGLE (Flyball, 7S) J.T. Realmuto to second
|
Batting: LHB Kolten Wong
|
0-0: Called Strike 0-1: Called Strike 0-2: Ball 1-2: Fielders Choice at 2nd, 1-6 (Groundball, 34S) J.T. Realmuto to third
|
Batting: RHB J.D. Davis
|
0-0: Called Strike Kolten Wong steals 2nd base 0-1: Ball 1-1: Called Strike 1-2: Foul Ball, location: 2F 1-2: Strikes out swinging
|
Batting: RHB Jean Segura
|
0-0: Called Strike 0-1: DOUBLE (Line Drive, 89M) J.T. Realmuto scores Kolten Wong scores
|
Batting: RHB Starling Marte
|
0-0: Ball 1-0: Called Strike 1-1: Swinging Strike 1-2: Foul Ball, location: 2F 1-2: 2-RUN HOME RUN (Flyball, 7D), Distance : 373 ft
|
Batting: RHB George Springer
|
0-0: Called Strike 0-1: Foul Ball, location: 2F 0-2: Strikes out swinging
|
Bottom of the 2nd over - 4 runs, 4 hits, 0 errors, 0 left on base; Kansas City 0 - Detroit 5 |
TOP OF THE 3RD |
Kansas City Royals batting - Pitching for Detroit Tigers : RHP A.J. Cole
|
Batting: LHB Luis Valbuena
|
0-0: Swinging Strike 0-1: Ball 1-1: Ball 2-1: Fly out, F8 (Flyball, 8LM)
|
Batting: RHB Josh Phegley
|
0-0: DOUBLE (Line Drive, 89D)
|
Batting: LHB Joe Mauer
|
0-0: Called Strike 0-1: Called Strike 0-2: Ball 1-2: Ball 2-2: Ball 3-2: SINGLE (Line Drive, 34) Josh Phegley to third
|
Batting: SHB Jurickson Profar
|
0-0: Ground out 6-3 (Groundball, 6MS) Josh Phegley scores Joe Mauer to second
|
Batting: LHB Jesse Winker
|
0-0: Ball 1-0: Foul Ball, location: 2F 1-1: Ball 2-1: Ball 3-1: Called Strike 3-2: Base on Balls
|
Batting: LHB Lonnie Chisenhall
|
0-0: Called Strike 0-1: Ball 1-1: Swinging Strike 1-2: Ball 2-2: Foul Ball, location: 2F 2-2: Foul Ball, location: 2F 2-2: Ground out 1-3 (Groundball, 13S)
|
Top of the 3rd over - 1 run, 2 hits, 0 errors, 2 left on base; Kansas City 1 - Detroit 5 |
BOTTOM OF THE 3RD |
Detroit Tigers batting - Pitching for Kansas City Royals : RHP Aaron Nola
|
Batting: RHB Khris Davis
|
0-0: Called Strike 0-1: Called Strike 0-2: Ball 1-2: Fly out, F8 (Flyball, 8LXD)
|
Batting: RHB Aaron Altherr
|
0-0: Called Strike 0-1: Ball 1-1: Foul Ball, location: 2F 1-2: Foul Ball, location: 2F 1-2: Foul Ball, location: 2F 1-2: DOUBLE (Flyball, 8RXD)
|
Batting: RHB J.T. Realmuto
|
0-0: Fly out, F7 (Line Drive, 7)
|
Batting: LHB Pedro Alvarez
|
0-0: Fly out, F7 (Flyball, 78S)
|
Bottom of the 3rd over - 0 runs, 1 hit, 0 errors, 1 left on base; Kansas City 1 - Detroit 5 |
TOP OF THE 4TH |
Kansas City Royals batting - Pitching for Detroit Tigers : RHP A.J. Cole
|
Batting: RHB Albert Pujols
|
0-0: Swinging Strike 0-1: Ball 1-1: Foul Ball, location: 2F 1-2: SOLO HOME RUN (Flyball, 8LXD), Distance : 438 ft
|
Batting: LHB Raimel Tapia
|
0-0: Ground out 6-3 (Groundball, 6M)
|
Batting: RHB Dansby Swanson
|
0-0: Ground out U3 (Groundball, 3S)
|
Batting: LHB Luis Valbuena
|
0-0: Called Strike 0-1: Ball 1-1: Foul Ball, location: 2F 1-2: SINGLE (Flyball, 9S)
|
Batting: RHB Josh Phegley
|
0-0: Foul Ball, location: 2F 0-1: Called Strike 0-2: Fly out, F8 (Flyball, 89M)
|
Top of the 4th over - 1 run, 2 hits, 0 errors, 1 left on base; Kansas City 2 - Detroit 5 |
BOTTOM OF THE 4TH |
Detroit Tigers batting - Pitching for Kansas City Royals : RHP Aaron Nola
|
Batting: LHB Kolten Wong
|
0-0: Called Strike 0-1: Foul Ball, location: 2F 0-2: Ball 1-2: Strikes out swinging
|
Batting: RHB J.D. Davis
|
0-0: Swinging Strike 0-1: Ball 1-1: Ball 2-1: Foul Ball, location: 2F 2-2: Ball 3-2: Fly out, F9 (Flyball, 9)
|
Batting: RHB Jean Segura
|
0-0: Ball 1-0: Ball 2-0: Ball 3-0: Base on Balls
|
Pitching: RHP Phil Hughes
|
|
Batting: RHB Starling Marte
|
0-0: Ball Jean Segura is caught stealing 2nd base
|
Bottom of the 4th over - 0 runs, 0 hits, 0 errors, 0 left on base; Kansas City 2 - Detroit 5 |
TOP OF THE 5TH |
Kansas City Royals batting - Pitching for Detroit Tigers : RHP A.J. Cole
|
Batting: LHB Joe Mauer
|
0-0: Foul Ball, location: 2F 0-1: Ball 1-1: Foul Ball, location: 2F 1-2: Ball 2-2: Ball 3-2: Foul Ball, location: 2F 3-2: Base on Balls
|
Batting: SHB Jurickson Profar
|
0-0: Ball 1-0: Foul Ball, location: 2F 1-1: Ball 2-1: Foul Ball, location: 2F 2-2: Grounds into double play, 4-6-3 (Groundball, 4)
|
Batting: LHB Jesse Winker
|
0-0: Called Strike 0-1: Ball 1-1: Ground out U3 (Groundball, 3L)
|
Top of the 5th over - 0 runs, 0 hits, 0 errors, 0 left on base; Kansas City 2 - Detroit 5 |
BOTTOM OF THE 5TH |
Detroit Tigers batting - Pitching for Kansas City Royals : RHP Phil Hughes
|
Batting: RHB Starling Marte
|
0-0: Ball 1-0: Ball 2-0: Called Strike 2-1: Ground out 1-3 (Groundball, P)
|
Batting: RHB George Springer
|
0-0: Ball 1-0: Ball 2-0: Ball 3-0: Called Strike 3-1: Swinging Strike 3-2: Foul Ball, location: 2F 3-2: Base on Balls
|
Batting: RHB Khris Davis
|
0-0: DOUBLE (Line Drive, 9LS) George Springer to third
|
Batting: RHB Aaron Altherr
|
0-0: Ball 1-0: Called Strike 1-1: Called Strike 1-2: Fly out, F3 (Flyball, 3D)
|
Batting: RHB J.T. Realmuto
|
0-0: Foul Ball, location: 2F 0-1: Ground out 6-3 (Groundball, 6)
|
Bottom of the 5th over - 0 runs, 1 hit, 0 errors, 2 left on base; Kansas City 2 - Detroit 5 |
TOP OF THE 6TH |
Kansas City Royals batting - Pitching for Detroit Tigers : RHP A.J. Cole
|
Batting: LHB Lonnie Chisenhall
|
0-0: Foul Ball, location: 2F 0-1: Ball 1-1: Ball 2-1: Ball 3-1: Foul Ball, location: 2F 3-2: Strikes out swinging
|
Batting: RHB Albert Pujols
|
0-0: Called Strike 0-1: Ball 1-1: Ball 2-1: Foul Ball, location: 2F 2-2: Fly out, F9 (Flyball, 9LD)
|
Batting: LHB Raimel Tapia
|
0-0: Fly out, F8 (Line Drive, 8RD)
|
Top of the 6th over - 0 runs, 0 hits, 0 errors, 0 left on base; Kansas City 2 - Detroit 5 |
BOTTOM OF THE 6TH |
Detroit Tigers batting - Pitching for Kansas City Royals : RHP Phil Hughes
|
Batting: LHB Pedro Alvarez
|
0-0: Called Strike 0-1: Ball 1-1: Ball 2-1: Swinging Strike 2-2: Ball 3-2: Strikes out swinging
|
Batting: LHB Kolten Wong
|
0-0: Swinging Strike 0-1: Foul Ball, location: 2F 0-2: Foul Ball, location: 2F 0-2: Foul Ball, location: 2F 0-2: Strikes out swinging
|
Batting: RHB J.D. Davis
|
0-0: Called Strike 0-1: Ball 1-1: Called Strike 1-2: Strikes out swinging
|
Bottom of the 6th over - 0 runs, 0 hits, 0 errors, 0 left on base; Kansas City 2 - Detroit 5 |
TOP OF THE 7TH |
Kansas City Royals batting - Pitching for Detroit Tigers : RHP A.J. Cole
|
Pitching: LHP Tyler Lyons
|
|
Batting: RHB Dansby Swanson
|
0-0: Ball 1-0: Called Strike 1-1: Ball 2-1: Ball 3-1: Foul Ball, location: 2F 3-2: Strikes out looking
|
Batting: LHB Luis Valbuena
|
0-0: Foul Ball, location: 2F 0-1: Ball 1-1: Foul Ball, location: 2F 1-2: SINGLE (Line Drive, 6MD)
|
Batting: RHB Josh Phegley
|
0-0: Called Strike 0-1: Ball 1-1: Foul Ball, location: 2F 1-2: Foul Ball, location: 2F 1-2: DOUBLE (Line Drive, 7LS) Luis Valbuena to third Runner from 3rd tries for Home, SAFE, no throw
|
Pitching: LHP Jonny Venters
|
|
Batting: LHB Joe Mauer
|
0-0: Ball 1-0: Called Strike 1-1: Ball 2-1: Ball 3-1: Foul Ball, location: 2F 3-2: Foul Ball, location: 2F 3-2: Base on Balls
|
Batting: SHB Jurickson Profar
|
0-0: Ball 1-0: Ball 2-0: Foul Ball, location: 2F 2-1: Swinging Strike 2-2: Ball 3-2: Base on Balls Josh Phegley to third Joe Mauer to second
|
Batting: LHB Jesse Winker
|
0-0: Foul Ball, location: 2F 0-1: Ball 1-1: Ball 2-1: Grounds into fielders choice 5-2 (Groundball, 56) Joe Mauer to third Jurickson Profar to second
|
Batting: LHB Lonnie Chisenhall
|
0-0: Foul Ball, location: 2F 0-1: Foul Ball, location: 2F 0-2: Ball 1-2: Ball 2-2: Ball 3-2: Foul Ball, location: 2F 3-2: Base on Balls Joe Mauer scores Jurickson Profar to third Jesse Winker to second
|
Batting: RHB Albert Pujols
|
0-0: Foul Ball, location: 2F 0-1: Ball 1-1: SINGLE (Groundball, 6MD) Jurickson Profar scores Jesse Winker to third Lonnie Chisenhall to second Runner from 3rd tries for Home, SAFE, throw made home
|
Pitching: RHP Hector Neris
|
|
Pinch Runner at 2nd Gorkys Hernandez:
|
|
Batting: LHB Raimel Tapia
|
0-0: Ball 1-0: Called Strike 1-1: Called Strike 1-2: Ball 2-2: Foul Ball, location: 2F 2-2: DOUBLE (Flyball, 8RXD) Gorkys Hernandez scores Albert Pujols to third Runner from 3rd tries for Home, SAFE, throw made home
|
Batting: RHB Dansby Swanson
|
0-0: Ball 1-0: Called Strike 1-1: Foul Ball, location: 2F 1-2: Foul Ball, location: 2F 1-2: Foul Ball, location: 2F 1-2: Ball 2-2: Strikes out swinging
|
Top of the 7th over - 6 runs, 4 hits, 0 errors, 1 left on base; Kansas City 8 - Detroit 5 |
BOTTOM OF THE 7TH |
Detroit Tigers batting - Pitching for Kansas City Royals : RHP Phil Hughes
|
Pitching: RHP Adam Ottavino
|
|
Now in RF: Gorkys Hernandez
|
|
Batting: RHB Jean Segura
|
0-0: Ball 1-0: Called Strike 1-1: Foul Ball, location: 2F 1-2: Ball 2-2: Foul Ball, location: 2F 2-2: Ball 3-2: Base on Balls
|
Batting: RHB Starling Marte
|
0-0: Foul Ball, location: 2F 0-1: Ball 1-1: Ball 2-1: Swinging Strike 2-2: Grounds into double play, 5-4-3 (Groundball, 56)
|
Batting: RHB George Springer
|
0-0: Called Strike 0-1: Ball 1-1: Fly out, F7 (Flyball, 7S)
|
Bottom of the 7th over - 0 runs, 0 hits, 0 errors, 0 left on base; Kansas City 8 - Detroit 5 |
TOP OF THE 8TH |
Kansas City Royals batting - Pitching for Detroit Tigers : RHP Hector Neris
|
Pitching: RHP Pedro Baez
|
|
Batting: LHB Luis Valbuena
|
0-0: Foul Ball, location: 2F 0-1: Fly out, F8 (Flyball, 8LD)
|
Batting: RHB Josh Phegley
|
0-0: Foul Ball, location: 2F 0-1: Ball 1-1: Ground out 6-3 (Groundball, 6)
|
Batting: LHB Joe Mauer
|
0-0: Ball 1-0: Foul Ball, location: 2F 1-1: Fly out, F5 (Popup, 5F)
|
Top of the 8th over - 0 runs, 0 hits, 0 errors, 0 left on base; Kansas City 8 - Detroit 5 |
BOTTOM OF THE 8TH |
Detroit Tigers batting - Pitching for Kansas City Royals : RHP Adam Ottavino
|
Pitching: RHP Greg Holland
|
|
Batting: RHB Khris Davis
|
0-0: Ball 1-0: Ground out 6-3 (Groundball, 6)
|
Batting: RHB Aaron Altherr
|
0-0: Ground out 5-3 (Groundball, 5L)
|
Batting: RHB J.T. Realmuto
|
0-0: Ball 1-0: Called Strike 1-1: Called Strike 1-2: Foul Ball, location: 2F 1-2: Foul Ball, location: 2F 1-2: Foul Ball, location: 2F 1-2: Ball 2-2: Strikes out swinging
|
Bottom of the 8th over - 0 runs, 0 hits, 0 errors, 0 left on base; Kansas City 8 - Detroit 5 |
TOP OF THE 9TH |
Kansas City Royals batting - Pitching for Detroit Tigers : RHP Pedro Baez
|
Pitching: LHP Will Smith
|
|
Batting: SHB Jurickson Profar
|
0-0: Called Strike 0-1: Called Strike 0-2: Ball 1-2: Ground out U3 (Groundball, 34)
|
Batting: LHB Jesse Winker
|
0-0: Ball 1-0: Swinging Strike 1-1: Ground out U3 (Groundball, 3)
|
Batting: RHB Gorkys Hernandez
|
0-0: Ball 1-0: Called Strike 1-1: Ball 2-1: SINGLE (Groundball, 6MD)
|
Batting: RHB Albert Pujols
|
0-0: Ball 1-0: Ball 2-0: Foul Ball, location: 2F 2-1: Swinging Strike 2-2: Strikes out swinging
|
Top of the 9th over - 0 runs, 1 hit, 0 errors, 1 left on base; Kansas City 8 - Detroit 5 |
BOTTOM OF THE 9TH |
Detroit Tigers batting - Pitching for Kansas City Royals : RHP Greg Holland
|
Pitching: RHP Carl Edwards Jr.
|
|
Batting: LHB Pedro Alvarez
|
0-0: Called Strike 0-1: Ball 1-1: Ball 2-1: Ball 3-1: Base on Balls
|
Batting: LHB Kolten Wong
|
0-0: Ball 1-0: Called Strike 1-1: Ball 2-1: Fly out, F9 (Flyball, 9S)
|
Batting: RHB J.D. Davis
|
0-0: Ball 1-0: Fly out, F6 (Popup, 15)
|
Batting: RHB Jean Segura
|
0-0: Called Strike 0-1: Ball 1-1: Called Strike 1-2: Fly out, F9 (Flyball, 9S)
|
Bottom of the 9th over - 0 runs, 0 hits, 0 errors, 1 left on base; Kansas City 8 - Detroit 5 |
|